 Dungeon Crawl Stone Soup version 0.18.1-6-gd335043 (webtiles) character file.

1847 shmeve the Chopper (level 8, 0/117 HPs)
             Began as a Deep Dwarf Berserker on May 15, 2016.
             Was a Priest of Trog.
             Slain by a crocodile (5 damage)
             ... on level 8 of the Dungeon.
             The game lasted 00:10:52 (4930 turns).

shmeve the Chopper (Deep Dwarf Berserker)           Turns: 4930, Time: 00:10:52

Health: 0/117      AC: 13    Str: 31    XL:     8   Next: 88%
Magic:  9/9        EV: 10    Int:  8    God:    Trog [***...]
Gold:   308        SH:  0    Dex: 12    Spells: 0 memorised, 7 levels left

rFire  . . .     SeeInvis .     a - +0 hand axe
rCold  . . .     Gourm    .     F - +0 plate armour
rNeg   . . .     Faith    .     (no shield)
rPois  .         Spirit   .     q - +0 helmet
rElec  .         Dismiss  .     (no cloak)
rCorr  .         Reflect  .     (no gloves)
SustAt .         Harm     .     (no boots)
MR     +....                    (no amulet)
Stlth  ..........               (no ring)
                                e - +3 ring of strength

@: berserking (expiring), non-regenerating, very quick, somewhat resistant to
hostile enchantments, extremely unstealthy
A: damage resistance, recharge devices, sense surroundings 1, slow regeneration
3
a: Device Recharging, Berserk, Trog's Hand, Burn Spellbooks, Renounce Religion


You were on level 8 of the Dungeon.
You worshipped Trog.
Trog was most pleased with you.
You were hungry.

You visited 1 branch of the dungeon, and saw 8 of its levels.

You collected 308 gold pieces.

Inventory:

Hand Weapons
 a - a +0 hand axe (weapon)
Armour
 q - a +0 helmet (worn)
 F - a +0 plate armour (worn)
Jewellery
 e - a +3 ring of strength (left hand)
 s - an uncursed ring of flight
 G - a +2 amulet of reflection {unknown}
Wands
 c - a wand of heal wounds (6/9)
 B - a wand of lightning (2/15)
 D - a wand of acid (4/15)
Scrolls
 f - 2 scrolls of fog {unknown}
 h - 3 scrolls of fear {unknown}
 j - 7 scrolls of identify {unknown}
 p - 2 scrolls of enchant weapon {unknown}
 r - 3 scrolls of magic mapping {unknown}
 u - a scroll of blinking {unknown}
 v - a scroll of random uselessness {unknown}
 w - 2 scrolls of teleportation {unknown}
 x - a scroll of immolation {unknown}
 y - a scroll of remove curse {unknown}
Potions
 b - 2 potions of heal wounds {unknown}
 g - 2 potions of agility {unknown}
 i - 3 potions of curing {unknown}
 k - 4 potions of flight {unknown}
 l - 2 potions of degeneration {unknown}
 m - 4 potions of might {unknown}
 n - a potion of ambrosia {unknown}
 o - a potion of cancellation {unknown}
 A - a potion of lignification {unknown}
 E - a potion of brilliance {unknown}
Comestibles
 d - 7 bread rations
 t - 2 meat rations
 C - 3 fruits
 H - 6 beef jerkies


   Skills:
 * Level 6.3 Fighting
 * Level 7.6 Axes
 + Level 5.2 Armour
 + Level 5.1 Dodging
 + Level 5.1 Evocations


You had 7 spell levels left.
You didn't know any spells.

Dungeon Overview and Level Annotations

Branches:
Dungeon (8/15)             Temple (0/1) D:6
   Lair: D:8-11

Altars:
Cheibriados
Dithmenos
Gozag
Kikubaaqudgha
Nemelex Xobeh
Yredelemnul

Shops:
D:7 }


Innate Abilities, Weirdness & Mutations

You are resistant to damage.
You can recharge devices by infusing magical energy.
You passively map a small area around you.
You do not regenerate naturally.


Message History

The porcupine is moderately wounded.
The porcupine barely misses you.
You completely miss the porcupine.
The porcupine is moderately wounded.
The yak gores something.
The porcupine bites you!
* * * LOW HITPOINT WARNING * * *
An adder zombie comes into view.
You are struck by the porcupine's spines.
* * * LOW HITPOINT WARNING * * *
You slash the porcupine!
You kill the porcupine!
Trog accepts your kill.
The yak gores something.
You slash the crocodile!
The crocodile is moderately wounded.
Unknown command.
You closely miss the crocodile.
The crocodile is moderately wounded.
The crocodile bites you!
You die...

#.#####.#.##.##
####.......#...... #
#...>........##.##
..* #.####...###.##.#
... #.# #...# #.##.#
..:. #.# #...# #.#
..... #.# #...###.#
** ,
,♣...YY#†####.......#
....YYt@.......##..#*
.....r#†###.#.## ..#
* ..... #.# #.#.# ,#
, ,..ZP #.# #.#.# *
,* , P.. ,,#.. .....
, , , P. ### #.### ,
,, , . , #.# * , , ,
#.# , , * *


You could see 4 yaks, a crocodile, a river rat and an adder zombie.

Vanquished Creatures
  A yak (D:8)
  4 porcupines (D:8)
  A necrophage (D:7)
  A phantom (D:7)
  5 ogres
  A centaur (D:7)
  A crocodile (D:8)
  A scorpion (D:7)
  A howler monkey (D:4)
  2 crimson imps (D:5)
  2 orc wizards
  2 orc priests
  An iguana (D:4)
  A worker ant (D:5)
  A hound skeleton (D:7)
  A howler monkey zombie (D:7)
  A howler monkey skeleton (D:7)
  7 adders
  2 river rats (D:8)
  A shadow imp (D:7)
  An ooze (D:2)
  4 worms
  A dart slug (D:1)
  6 giant geckos
  9 orcs
  7 giant cockroaches
  9 goblins
  10 hobgoblins
  7 jackals (D:1)
  4 quokkas
  5 ball pythons
  5 bats
  4 giant newts
  8 kobolds
  7 rats
124 creatures vanquished.

Vanquished Creatures (others)
  A plant (D:8)
1 creature vanquished.

Grand Total: 125 creatures vanquished

Notes
Turn   | Place    | Note
--------------------------------------------------------------
     0 | D:1      | shmeve the Deep Dwarf Berserker began the quest for the Orb.
     0 | D:1      | Reached XP level 1. HP: 20/20 MP: 1/1
    64 | D:1      | Reached XP level 2. HP: 20/28 MP: 2/2
   279 | D:1      | Reached skill level 1 in Evocations
   290 | D:1      | Reached XP level 3. HP: 7/34 MP: 3/3
   333 | D:1      | Reached ** piety under Trog
   747 | D:2      | Reached skill level 4 in Axes
   817 | D:2      | Reached XP level 4. HP: 23/42 MP: 5/5
   905 | D:2      | Found a shadowy altar of Dithmenos.
  1234 | D:2      | HP: 1/42 [adder (2)]
  2130 | D:4      | Noticed an ogre
  2132 | D:4      | Noticed an ogre
  2134 | D:4      | Reached XP level 5. HP: 50/50 MP: 5/5
  2136 | D:4      | Killed an ogre
  2146 | D:4      | Killed an ogre
  2146 | D:4      | Reached skill level 5 in Axes
  2146 | D:4      | Reached XP level 6. HP: 46/57 MP: 6/6
  2381 | D:4      | Reached *** piety under Trog
  2654 | D:4      | Found a sparkling altar of Nemelex Xobeh.
  2655 | D:4      | Found an opulent altar of Gozag.
  2671 | D:5      | Entered Level 5 of the Dungeon
  3131 | D:5      | Found an ancient bone altar of Kikubaaqudgha.
  3225 | D:5      | Reached XP level 7. HP: 65/66 MP: 8/8
  3754 | D:6      | Found a staircase to the Ecumenical Temple.
  3884 | D:6      | Found a basalt altar of Yredelemnul.
  4238 | D:6      | Found a snail-covered altar of Cheibriados.
  4270 | D:7      | Reached skill level 5 in Fighting
  4275 | D:7      | Reached skill level 6 in Axes
  4536 | D:7      | Found Zeipriv's Gadget Emporium.
  4649 | D:7      | Reached XP level 8. HP: 49/75 MP: 10/10
  4916 | D:8      | Reached skill level 7 in Axes
  4925 | D:8      | Reached skill level 5 in Armour
  4925 | D:8      | Reached skill level 5 in Dodging
  4925 | D:8      | Reached skill level 5 in Evocations
  4928 | D:8      | HP: 5/114 [porcupine's spines (6)]
  4930 | D:8      | Slain by a crocodile

Skill      XL: |  1  2  3  4  5  6  7  8 |
---------------+-------------------------+-----
Fighting       | 3 4 5 6 |  6.3
Evocations     | 1 2 4 5 |  5.1
Axes           | 4 5 6 7 |  7.6
Dodging        | 3 4 5 |  5.1
Armour         | 3 4 5 |  5.2

Action                   |  1- 3 |  4- 6 |  7- 9 || total
-------------------------+-------+-------+-------++-------
Melee: Hand axe          |   155 |   209 |   129 ||   493
Invok: Trog's Hand       |       |     3 |     2 ||     5
       Berserk           |       |     1 |     4 ||     5
       Burn Spellbooks   |       |     1 |       ||     1
 Abil: Device Recharging |       |     1 |     1 ||     2
Evoke: Wand              |     2 |     5 |     4 ||    11
 Stab: Sleeping          |     2 |       |       ||     2
  Eat: Chunk             |       |     6 |     5 ||    11
       Meat ration       |       |     1 |       ||     1
       Pizza             |       |       |     1 ||     1
Armor: Animal skin       |    25 |    10 |       ||    35
       Chain mail        |       |    72 |    59 ||   131
       Plate armour      |       |       |    29 ||    29
Dodge: Dodged            |   127 |   106 |   116 ||   349
